Map: Blackburn LE

Players

Cham - Winner!

  • Race: Zerg Zerg

Kelazhur

  • Race: Terran Terran

Event: DreamHack SC2 Masters 2021 Fall

VOD

Have the link to the VOD?

Description

Time

  • Played on: Aug. 1, 2021, 4:47 p.m.
  • Length: 15:40

All games in this series

Show
View Real Time Build Order
Export as new Build Order

Cham Zerg - Winner!

Build Orders: Hatch First, Brood Lord Corruptor 

Get SALT Encoding   

  12  0:00  Drone  
  13  0:09  Drone  
  14  0:16  Overlord  
  14  0:35  Drone x2  
  16  0:48  Hatchery  
  15  0:52  Drone  
  15  0:55  Drone  
  17  1:00  Drone  
  18  1:12  Spawning Pool  
  18  1:15  Extractor  
  18  1:17  Drone  
  17  1:20  Drone  
  18  1:28  Drone  
  19  1:40  Drone  
  20  1:50  Drone  
  21  1:59  Queen x2  
  21  2:00  Zergling x2  
  27  2:01  Zergling x2  
  27  2:13  Drone  
  28  2:21  Metabolic Boost  
  28  2:42  Overlord  
  28  2:46  Extractor  
  28  2:49  Drone  
  28  2:50  Overlord  
  28  3:00  Queen x2  
  28  3:01  Drone x3  
  28  3:02  Drone  
  37  3:11  Hatchery  
  36  3:15  Drone x2  
  37  3:20  Drone  
  37  3:21  Drone x2  
  37  3:23  Drone  
  37  3:25  Drone  
  42  3:29  Drone  
  42  3:31  Overlord  
  43  3:36  Overlord  
  43  3:47  Overlord  
  43  3:50  Queen x2  
  47  3:58  Drone x4  
  47  4:02  Drone  
  52  4:10  Zergling x4  
  52  4:11  Zergling x2, Overlord  
  52  4:12  Drone  
  52  4:13  Drone  
  52  4:14  Drone x2  
  59  4:25  Drone x2  
  59  4:27  Drone  
  62  4:33  Lair, Roach Warren  
  62  4:34  Drone x2  
  62  4:37  Queen  
  62  4:38  Drone  
  66  4:41  Spore Crawler  
  66  4:43  Spore Crawler  
  66  4:44  Extractor  
  66  4:45  Drone  
  64  4:47  Spore Crawler  
  64  4:49  Drone  
  64  4:51  Overlord  
  64  4:53  Drone  
  64  4:58  Drone, Overlord  
  64  4:59  Drone x2  
  68  5:06  Drone x3  
  71  5:08  Drone, Overlord  
  71  5:12  Extractor x2  
  71  5:13  Drone x2  
  72  5:20  Extractor x2  
  71  5:21  Drone x4  
  71  5:22  Drone  
  71  5:24  Overlord  
  71  5:26  Evolution Chamber  
  71  5:27  Drone, Evolution Chamber  
  74  5:31  Drone  
  75  5:36  Drone x2  
  75  5:40  Hatchery  
  75  5:41  Drone  
  77  5:50  Drone x3  
  77  5:51  Drone x5  
  77  5:54  Overlord  
  77  5:55  Roach x2  
  89  5:58  Overlord  
  89  6:00  Hatchery  
  89  6:02  Overlord  
  89  6:04  Zerg Missile Weapons Level 1  
  89  6:09  Zerg Ground Armor Level 1  
  89  6:10  Overlord  
  89  6:13  Roach  
  89  6:14  Overlord  
  89  6:17  Overlord  
  91  6:19  Roach  
  91  6:20  Glial Reconstitution  
  91  6:24  Roach x2  
  97  6:28  Roach x2  
  97  6:29  Roach  
  97  6:32  Overlord  
  103  6:34  Overlord  
  103  6:36  Roach  
  103  6:37  Roach  
  107  6:42  Drone x2  
  107  6:43  Drone x4  
  107  6:45  Drone  
  114  6:49  Infestation Pit  
  114  6:52  Drone  
  114  6:53  Overlord  
  114  6:55  Overlord  
  114  6:56  Roach x2  
  118  7:02  Roach  
  118  7:04  Ravager x4  
  118  7:07  Extractor, Roach x2  
  118  7:08  Roach x2  
  129  7:10  Extractor  
  129  7:11  Overlord  
  130  7:18  Roach x3, Overlord  
  136  7:28  Roach x2  
  136  7:29  Roach x3  
  146  7:30  Overlord  
  146  7:32  Hive  
  146  7:36  Infestor x2  
  148  7:42  Drone  
  148  7:43  Spire  
  149  7:47  Roach x2  
  149  7:50  Roach x2  
  154  7:51  Roach  
  154  8:03  Overlord  
  154  8:11  Zerg Missile Weapons Level 2  
  154  8:12  Zerg Ground Armor Level 2  
  154  8:25  Overlord x2  
  154  8:30  Ravager  
  154  8:31  Ravager, Drone  
  157  8:39  Hatchery  
  154  8:58  Greater Spire  
  154  8:59  Corruptor  
  154  9:00  Corruptor x8  
  170  9:06  Corruptor x2  
  170  9:08  Drone x2  
  176  9:15  Corruptor x2  
  180  9:19  Drone x2  
  182  9:25  Overlord  
  182  9:26  Spine Crawler  
  182  9:27  Spore Crawler  
  180  9:35  Overlord  
  180  10:10  Brood Lord  
  180  10:11  Brood Lord x7  
  192  10:30  Spore Crawler  
  192  10:31  Spore Crawler  
  192  10:32  Spore Crawler x3  
  192  10:33  Spore Crawler x2, Roach x3  
  192  10:34  Spore Crawler, Roach x5  
  192  10:35  Spore Crawler  
  199  10:42  Ravager  
  200  10:52  Brood Lord x2  
  199  11:03  Ravager  
  189  11:28  Infestor x2  
  193  11:34  Infestor x3  
  199  11:52  Roach  
  199  11:53  Roach x3  
  192  12:01  Roach x2  
  192  12:05  Brood Lord  
  192  12:06  Roach  
  200  12:15  Roach  
  200  12:21  Roach x6  
  200  12:27  Zerg Missile Weapons Level 3  
  200  12:28  Zerg Ground Armor Level 3  
  198  12:33  Roach  
  198  12:34  Roach  
  184  12:44  Roach x3  
  184  12:45  Roach x5  
  190  13:04  Roach x8  
  200  13:25  Overlord  
  200  13:29  Zerg Flyer Weapons Level 1  
  200  13:32  Hydralisk Den  
  199  13:37  Ravager  
  194  14:21  Corruptor x4  
  186  14:51  Corruptor x3, Roach x2  
  186  14:59  Roach x10  
  200  15:04  Roach x2  
  200  15:05  Roach x2  
  196  15:10  Roach  
  196  15:14  Roach x2  
Show
View Real Time Build Order
Export as new Build Order

Kelazhur Terran 

Build Orders: Reaper Expand, Hellion Banshee 

Get SALT Encoding   

  12  0:00  SCV  
  13  0:12  SCV  
  14  0:17  Supply Depot  
  14  0:24  SCV  
  15  0:39  SCV  
  15  0:40  Barracks  
  16  0:44  Refinery  
  16  0:51  SCV  
  17  1:03  SCV  
  18  1:15  SCV  
  19  1:27  Orbital Command  
  19  1:28  Reaper  
  20  1:40  Command Center  
  20  1:50  Supply Depot  
  20  1:53  SCV  
  21  2:00  Marine  
  22  2:05  SCV  
  23  2:09  Factory  
  23  2:17  SCV  
  24  2:29  Barracks Reactor, SCV  
  25  2:35  Engineering Bay  
  25  2:41  SCV  
  25  2:47  Command Center  
  25  2:53  SCV  
  25  2:56  Orbital Command  
  26  3:09  SCV  
  27  3:13  Starport  
  27  3:21  SCV, Hellion x2  
  27  3:22  SCV  
  33  3:28  Refinery, Barracks Tech Lab  
  33  3:34  SCV x2  
  35  3:42  Hellion x2  
  35  3:46  SCV x2  
  41  3:57  Banshee  
  41  3:58  SCV x2, Barracks Tech Lab  
  41  4:01  Orbital Command  
  46  4:10  SCV x2  
  46  4:11  Hellion x2  
  52  4:17  Supply Depot  
  52  4:22  SCV  
  52  4:23  SCV  
  54  4:29  SCV  
  55  4:34  SCV  
  55  4:35  SCV  
  55  4:36  Marine, Stimpack  
  58  4:41  SCV  
  58  4:45  Factory Reactor  
  59  4:46  SCV, Barracks x2  
  59  4:48  SCV  
  59  4:52  Supply Depot  
  61  4:53  SCV  
  61  4:57  Marine  
  61  4:58  SCV  
  64  5:00  SCV  
  64  5:05  SCV  
  66  5:07  Starport Reactor  
  66  5:09  Engineering Bay x2  
  66  5:10  SCV  
  66  5:12  SCV  
  67  5:16  Supply Depot  
  67  5:17  Refinery x2, SCV  
  68  5:21  Marine  
  68  5:22  SCV  
  68  5:24  SCV  
  71  5:33  Barracks  
  71  5:34  Barracks  
  71  5:37  SCV  
  71  5:39  Marine x2, Siege Tank  
  71  5:41  Terran Infantry Armor Level 1, Terran Infantry Weapons Level 1  
  77  5:48  Marine, Supply Depot  
  77  5:49  Marine x2  
  80  5:50  Supply Depot  
  80  5:51  Medivac  
  82  5:59  Medivac  
  82  6:01  SCV  
  85  6:07  Supply Depot x2  
  85  6:09  Marine x2  
  85  6:10  SCV  
  86  6:13  Marine x2  
  86  6:14  Siege Tank  
  91  6:20  Orbital Command  
  91  6:21  Barracks Reactor x2  
  91  6:22  SCV  
  91  6:25  SCV  
  93  6:31  Marine  
  93  6:32  Marine  
  95  6:34  Marine, SCV  
  95  6:35  Marine  
  95  6:37  SCV  
  99  6:40  Combat Shield, Marauder  
  99  6:44  Medivac  
  99  6:46  SCV  
  106  6:48  Refinery  
  106  6:49  Siege Tank  
  106  6:50  SCV x2  
  106  6:53  Marine x4  
  113  7:00  SCV  
  114  7:01  Marine  
  114  7:02  Marine x2  
  114  7:03  Supply Depot x2  
  117  7:17  Supply Depot  
  117  7:24  Marine x2, SCV, Siege Tank  
  117  7:25  SCV, Medivac x2, Marauder  
  117  7:28  Missile Turret  
  130  7:31  Marine  
  130  7:32  Marine  
  130  7:35  Marine  
  133  7:39  Marine x3  
  133  7:42  Supply Depot  
  134  7:46  Marauder  
  134  7:47  Command Center  
  129  7:59  Marine x8  
  129  8:02  Siege Tank  
  129  8:03  Medivac x2  
  144  8:06  Supply Depot  
  144  8:08  Marauder  
  146  8:14  Barracks  
  146  8:15  Barracks x2, Armory  
  146  8:18  Supply Depot  
  146  8:25  Marine x3  
  149  8:27  Marine x2  
  149  8:29  Marauder  
  153  8:38  Marine, Supply Depot  
  153  8:39  Siege Tank  
  156  8:50  Marauder  
  156  8:52  Marine x6  
  158  8:58  Marine  
  158  8:59  Medivac  
  158  9:00  Medivac  
  157  9:03  Terran Infantry Weapons Level 2  
  157  9:04  Terran Infantry Armor Level 2  
  157  9:07  Barracks Tech Lab x3  
  157  9:09  SCV x3  
  160  9:11  Refinery  
  160  9:15  Marine x7, Marauder  
  160  9:16  Concussive Shells  
  169  9:18  Siege Tank  
  169  9:21  SCV  
  173  9:33  Marine, Marauder x2  
  173  9:34  Marauder  
  173  9:36  Marauder  
  182  9:38  Supply Depot  
  182  9:39  Terran Vehicle Weapons Level 1  
  182  9:49  Planetary Fortress  
  182  9:50  Siege Tank  
  185  9:55  Marauder  
  179  10:00  Marauder  
  179  10:01  Marauder x2  
  179  10:02  Medivac  
  185  10:07  Marine x6  
  185  10:11  Marine  
  185  10:13  Marine  
  190  10:16  Marauder  
  190  10:21  Marauder  
  194  10:23  Marauder  
  194  10:24  Marine  
  194  10:25  Marine  
  194  10:26  Marine  
  188  10:28  Marine x4  
  188  10:29  Marine  
  188  10:35  Marine  
  191  10:40  Thor  
  196  10:55  Viking x2  
  196  10:58  Ghost Academy  
  193  11:25  Viking x2  
  193  11:32  Starport  
  192  11:37  Terran Infantry Weapons Level 3  
  192  11:38  Factory  
  192  11:40  Refinery  
  192  11:41  Refinery  
  192  11:43  SCV  
  192  11:45  Command Center  
  193  11:48  Thor  
  193  11:52  Marine x4  
  193  11:53  Marine x2, Ghost x2  
  196  11:59  SCV, Ghost  
  194  12:03  Viking x2  
  194  12:12  Ghost  
  190  12:22  Marine  
  186  12:28  Marine, Ghost x3  
  194  12:33  Viking  
  192  12:42  Ghost  
  177  12:45  Marine x4  
  177  12:46  Marine x2  
  181  12:51  Marine  
  181  12:52  Viking  
  181  12:54  SCV x3  
  163  13:02  Viking  
  163  13:05  Marine x9  
  143  13:06  SCV x2, Siege Tank  
  146  13:16  Marine  
  146  13:17  Ghost x2  
  151  13:22  Viking  
  153  13:28  Viking  
  153  13:29  Ghost  
  153  13:30  Marine x5  
  153  13:32  Viking  
  155  13:55  Viking  
  155  13:56  Ghost x2  
  155  13:58  Viking  
  155  14:01  Marauder  
  158  14:08  Ghost  
  158  14:09  Viking  
  156  14:22  Marine x5  
  159  14:25  Viking  
  159  14:31  Orbital Command  
  159  14:37  Marauder  
  133  14:49  Marine  
  133  14:50  Marine x8, Marauder x2  
  132  14:53  Viking  
  101  15:07  Marauder  
  101  15:08  Marine  
  101  15:10  Marine  
  101  15:13  Marine x4  

Tags
 
Add a new tag
Caveats
  • Supply blocks, unpowered buildings, or Contaminate may cause inaccurate times.
  • Supply counts are checked every 10 seconds.